 Dungeon Crawl Stone Soup version 0.25.0-46-gbd7b0854d2 (webtiles) character file.

Game seed: 2124975503707287823

96 Jimbable the Poker (level 4, 0/34 HPs)
             Began as a Merfolk Gladiator on July 15, 2020.
             Slain by Grinder (5 damage)
             ... on level 3 of the Dungeon.
             The game lasted 00:03:05 (1570 turns).

Jimbable the Poker (Merfolk Gladiator)              Turns: 1570, Time: 00:03:05

Health: 0/34       AC:  8    Str: 15    XL:     4   Next: 67%
Magic:  4/4        EV: 14    Int:  7    God:
Gold:   59         SH:  0    Dex: 15    Spells: 3/3 levels left

rFire    . . .     SeeInvis +   a - +0 trident
rCold    . . .     Gourm    .   (no shield)
rNeg     . . .     Faith    .   b - +0 leather armour
rPois    .         Spirit   .   c - +0 helmet
rElec    .         Reflect  .   l - +0 cloak (curse)
rCorr    +         Harm     .   m - +1 pair of gloves
MR       .....                  s - +0 pair of boots
Stlth    +.........             k - amulet of inaccuracy (curse)
HPRegen  0.11/turn              j - ring of resist corrosion
MPRegen  0.09/turn              o - ring of see invisible

@: no status effects
A: change form in water, swift swim, stealthy swim
a: no special abilities


You were on level 3 of the Dungeon.
You were not hungry.

You visited 1 branch of the dungeon, and saw 3 of its levels.

You collected 59 gold pieces.

Inventory:

Hand Weapons
 a - a +0 trident (weapon)
Missiles
 d - a throwing net (quivered)
Armour
 b - a +0 leather armour (worn)
 c - a +0 helmet (worn)
 l - a cursed +0 cloak (worn)
 m - a +1 pair of gloves (worn)
 s - a +0 pair of boots (worn)
Jewellery
 j - a ring of resist corrosion (left hand)
 k - a cursed amulet of inaccuracy (around neck)
 o - a ring of see invisible (right hand)
Wands
 h - a wand of disintegration (5)
Scrolls
 e - a scroll of blinking
 n - a scroll of magic mapping {unknown}
 p - 2 scrolls of identify {unknown}
Potions
 i - a potion of curing {unknown}
 q - 2 potions of lignification {unknown}
 r - a potion of brilliance {unknown}
Comestibles
 f - 6 rations
 g - a chunk of flesh


   Skills:
 + Level 2.6 Fighting
 + Level 6.3 Polearms
 + Level 2.2 Throwing
 + Level 0.6 Armour
 + Level 4.7 Dodging
 + Level 0.2 Stealth


You had 3 spell levels left.
You didn't know any spells.
Your spell library was empty.

Dungeon Overview and Level Annotations

Branches:
Dungeon (3/15)

Altars:

Annotations:
D:3 Grinder, Sigmund


Message History

Natasha barely misses you.
Grinder blinks!
You closely miss Natasha.
Natasha is moderately wounded.
Natasha claws you but does no damage.
You puncture Natasha!
You kill Natasha!
Natasha screams in fury as she dies!
You closely miss the kobold. The kobold barely misses you.
You hit the kobold.
You kill the kobold!
Grinder hits you.
* * * LOW HITPOINT WARNING * * *
You writhe in agony.
* * * LOW HITPOINT WARNING * * *
You closely miss Grinder. Grinder hits you but does no damage.
You completely miss Grinder.
Grinder blinks!
Items here: ) ? †† a +0 dagger; a scroll labeled DINEUN HENNAEHI; a kobold corpse; an adder corpse You closely miss Grinder.
Grinder hits you.
You die...

#. ... # #.### ..#. .#
...# ... ..#
#####.####.# # ..##
..).....#..# .###...
##........## ....#
#.........### .[.!##
#......##...#####....#
#......####....@5.(#
#......# ######...#
####.### #.(....# #..
#.##.#..# ### #.
....... .. #...... #.#
...... .. #... . ..
....


You could see Grinder (fast).

Vanquished Creatures
  Natasha (D:3)
  3 adders
  A dart slug (D:1)
  A leopard gecko (D:1)
  5 bats
  3 giant cockroaches
  8 goblins
  3 hobgoblins
  A quokka (D:2)
  A frilled lizard (D:1)
  6 kobolds
  7 rats
40 creatures vanquished.

Notes
Turn   | Place    | Note
-------+----------+-------------------------------------------
     0 | D:1      | Jimbable the Merfolk Gladiator began the quest for the Orb.
     0 | D:1      | Reached XP level 1. HP: 16/16 MP: 1/1
   172 | D:1      | Reached XP level 2. HP: 22/22 MP: 2/2
   210 | D:1      | Reached skill level 5 in Polearms
   440 | D:1      | Reached XP level 3. HP: 16/28 MP: 3/3
  1358 | D:2      | Reached XP level 4. HP: 34/34 MP: 4/4
  1502 | D:3      | Noticed Sigmund
  1531 | D:3      | Noticed Grinder
  1535 | D:3      | Noticed Natasha
  1547 | D:3      | Reached skill level 6 in Polearms
  1564 | D:3      | Killed Natasha
  1570 | D:3      | Slain by Grinder

Illustrated notes

Levels and vault maps discovered:
D:1:      dpeg_arrival_rhombi, layout_basic
D:2:      layout_basic, hangedman_abyss_or_decor_lesser_grid,
          chequers_serial_rivers_micro_d, kennysheep_another_room, minmay_puff
D:3:      layout_rooms, minitemple, gup_sewer_entry_bubbles, uniq_natasha,
          uniq_grinder, uniq_ijyb, uniq_sigmund

Skill      XL: |  1  2  3  4 |
---------------+-------------+-----
Polearms       | 5 6 |  6.3
Fighting       | |  2.6
Throwing       | |  2.2
Armour         | |  0.6
Dodging        | |  4.7
Stealth        | |  0.2

Action                   |  1- 3 |  4- 6 || total
-------------------------+-------+-------++-------
Melee: Trident           |   125 |    40 ||   165
Throw: Throwing net      |       |     2 ||     2
  Use: Scroll            |     2 |       ||     2
 Stab: Sleeping          |     1 |       ||     1
  Eat: Chunk             |     2 |       ||     2
Armor: Leather armour    |    39 |     8 ||    47
Dodge: Dodged            |    85 |    28 ||   113
